 Dungeon Crawl Stone Soup version 0.29.0-5-ge4962eb29e (webtiles) character file.

Game seed: 15120639510191020344

2075 hotaction the Spear-Bearer (level 9, -2/78 HPs)
             Began as a Minotaur Fighter on Aug 29, 2022.
             Succumbed to a hornet's poison
             ... while paralysed by a hornet
             ... on level 7 of the Dungeon.
             The game lasted 00:17:33 (2942 turns).

hotaction the Spear-Bearer (Minotaur Fighter)       Turns: 2942, Time: 00:17:33

Health: -2/78      AC:  8    Str: 31    XL:     9   Next: 6%
Magic:  8/8        EV:  2    Int:  5    God:
Gold:   339        SH:  0    Dex: 10    Spells: 8/8 levels left

rFire   + . .      SeeInvis +   a - +0 trident (spect)
rCold   + . .      Faith    .   c - +0 buckler
rNeg    . . .      Spirit   .   b - +0 scale mail
rPois   .          Reflect  +   (helmet restricted)
rElec   .          Harm     .   e - scarf {rC+ rF+}
rCorr   .          Rampage  .   (no gloves)
Will    .....                   (no boots)
Stlth   ..........              g - amulet of reflection
HPRegen 0.23/turn               h - +6 ring of strength
MPRegen 0.11/turn               t - ring of see invisible

@: paralysed, lethally poisoned (-2 -> -23), slowed
A: horns 2, retaliatory headbutt
a: no special abilities


You were on level 7 of the Dungeon.
You visited 1 branch of the dungeon, and saw 7 of its levels.
You also visited: Sewer.

You collected 339 gold pieces.

Inventory:

Hand Weapons
 a - a +0 spectral trident (weapon)
 s - a +3 short sword
 v - a +1 spear of freezing
Armour
 b - a +0 scale mail (worn)
 c - a +0 buckler (worn)
 e - a scarf of resistance (worn)
Jewellery
 g - an amulet of reflection (around neck)
 h - a +6 ring of strength (left hand)
 k - a ring of positive energy
 t - a ring of see invisible (right hand)
Wands
 p - a wand of flame (22)
 r - a wand of roots (6)
Scrolls
 d - a scroll of blinking
 f - a scroll of amnesia
 i - 3 scrolls of teleportation
 j - a scroll of noise
 o - a scroll of identify
 u - a scroll of enchant armour
Potions
 l - 2 potions of mutation
 m - a potion of flight
 n - 3 potions of haste
 q - a potion of attraction


   Skills:
 + Level 6.7 Fighting
 + Level 9.3 Polearms
 + Level 7.6 Armour
 + Level 3.2 Dodging
 + Level 1.6 Stealth
 + Level 5.9 Shields


You had 8 spell levels left.
You didn't know any spells.
Your spell library contained the following spells:

 Spells                   Type           Power      Damage    Failure   Level
 Ensorcelled Hibernation  Hex/Ice        0%         N/A       88%         2
 Gell's Gravitas          Tloc           0%         N/A       98%         3
 Lesser Beckoning         Tloc           0%         N/A       98%         3
 Spider Form              Tmut/Pois      0%         N/A       98%         3
 Teleport Other           Tloc           0%         N/A       98%         3
 Anguish                  Hex/Necr       0%         N/A       100%        4
 Alistair's Intoxication  Tmut/Pois      0%         N/A       100%        5
 Borgnjor's Vile Clutch   Necr/Erth      0%         N/A       100%        5
 Eringya's Noxious Bog    Tmut/Pois      0%         N/A       100%        6


Dungeon Overview and Level Annotations

Branches:
Dungeon (7/15)              Sewer (visited)
 Temple: D:4-7

Altars:
Hepliaklqana
Nemelex Xobeh
Uskayaw


Innate Abilities, Weirdness & Mutations

You have a pair of horns on your head.
You reflexively headbutt those who attack you in melee.


Message History

You feel sick.
The killer bee stings you but does no damage.
A hornet comes into view.
The killer bee stings you but does no damage.
The hornet buzzes angrily.
You hit the killer bee but do no damage.
The killer bee is almost dead.
Your +0 spectral trident misses the killer bee.
You feel sick. The killer bee stings you. The killer bee misses you.
You closely miss the killer bee.
The killer bee is almost dead.
Your +0 spectral trident hits the killer bee from afar!
You kill the killer bee!
You feel sick.
Okay, then.
Okay, then.
You feel sick.
You are no longer poisoned.
You closely miss the hornet.
Your +0 spectral trident closely misses the hornet.
The hornet stings you.
You are poisoned.
You feel yourself slow down.
You puncture the hornet! You headbutt the hornet.
The hornet is severely wounded.
Your +0 spectral trident hits the hornet from afar.
You feel very sick. The hornet stings you.
You are more poisoned.
You feel as though you will be slow longer.
The hornet stings you!
* * * LOW HITPOINT WARNING * * *
You suddenly lose the ability to move!
The hornet stings you!
* * * LOW HITPOINT WARNING * * *
You are more poisoned.
You feel as though you will be slow longer.
* * * LOW HITPOINT WARNING * * *
You feel very sick.
The hornet stings you but does no damage.
You die...

♣.# #.# ♣♣♣ #.#
#.# #.# #.# #.#
#.# #§# #@#
#####y#######
#............
........######.
P..P##.## ~P.
.. ♣. .P. ~
~P.. ~~~..


You could see a hornet.

Vanquished Creatures
  Menkaure (D:6)
  3 water moccasins
  An ice beast (D:5)
  2 black bears
  A bullfrog (D:6)
  A gnoll sergeant (D:7)
  3 necrophages
  2 scorpions (D:6)
  11 killer bees
  A jelly (D:6)
  2 orc priests
  3 hounds
  An iguana (D:4)
  3 orc wizards
  5 adders
  7 gnolls
  An ufetubus (D:7)
  A worm (D:4)
  A dart slug (D:4)
  13 orcs
  3 ball pythons
  6 endoplasms
  3 giant cockroaches
  4 goblins
  3 hobgoblins
  2 jackals (D:3)
  6 quokkas
  8 bats
  2 frilled lizards (D:1)
  8 kobolds
  8 rats
116 creatures vanquished.

Vanquished Creatures (others)
  6 plants (D:7)
6 creatures vanquished.

Grand Total: 122 creatures vanquished

Notes
Turn   | Place    | Note
-------+----------+-------------------------------------------
     0 | D:1      | hotaction the Minotaur Fighter began the quest for the Orb.
     0 | D:1      | Reached XP level 1. HP: 19/19 MP: 0/0
   126 | D:1      | Reached XP level 2. HP: 25/27 MP: 1/1
   814 | D:2      | Reached skill level 3 in Polearms
   936 | D:2      | Reached XP level 3. HP: 33/33 MP: 2/2
   982 | D:3      | Reached skill level 1 in Dodging
  1009 | D:3      | Noticed a black bear
  1015 | D:3      | Killed a black bear
  1016 | D:3      | Reached skill level 4 in Polearms
  1016 | D:3      | Reached XP level 4. HP: 41/41 MP: 3/3
  1016 | D:3      | Reached XP level 5. HP: 47/47 MP: 4/4
  1237 | D:3      | Reached skill level 5 in Armour
  1293 | D:4      | Found a sparkling altar of Nemelex Xobeh.
  1425 | D:4      | Noticed a black bear
  1431 | D:4      | Killed a black bear
  1432 | D:4      | Reached XP level 6. HP: 53/53 MP: 5/5
  1481 | D:4      | Reached skill level 5 in Polearms
  1646 | D:5      | Entered Level 5 of the Dungeon
  1696 | D:5      | Noticed an ice beast
  1704 | D:5      | Killed an ice beast
  1705 | D:5      | Reached skill level 5 in Fighting
  1715 | D:5      | Reached skill level 6 in Polearms
  1715 | D:5      | Reached XP level 7. HP: 61/61 MP: 6/6
  1791 | D:6      | Noticed Menkaure
  1797 | D:6      | Killed Menkaure
  1801 | D:6      | Reached skill level 1 in Stealth
  1862 | D:6      | Reached skill level 7 in Polearms
  1866 | D:6      | Reached XP level 8. HP: 65/69 MP: 7/7
  1967 | D:6      | Reached skill level 8 in Polearms
  1967 | D:6      | Reached skill level 5 in Shields
  1992 | D:6      | Found a glowing drain.
  2354 | D:6      | Found a hazy altar of Hepliaklqana.
  2431 | Sewer    | Entered a sewer
  2612 | D:6      | Found a hide-covered altar of Uskayaw.
  2663 | D:7      | Reached skill level 9 in Polearms
  2933 | D:7      | Reached XP level 9. HP: 50/78 MP: 8/8
  2940 | D:7      | Paralysed by a hornet for 3 turns
  2941 | D:7      | HP: 3/78 [poisoned by a hornet]
  2942 | D:7      | Succumbed to a hornet's poison

Illustrated notes

Levels and vault maps discovered:
D:1:      scummos_arrival_simple_fountains, layout_loops_ring
D:2:      layout_basic, hellmonk_ecumenical_altar_blasted,
          nicolae_elevator_lobby_asterisk
D:3:      layout_rooms, elyvilon_altar_5
D:4:      layout_loops_ring, nemelex_dance_club_becter,
          minmay_temple_entry_nine_rooms, bh_walls_and_bars
D:5:      layout_gridville, st_stairs_9, chequers_serial_rivers_small_a
D:6:      layout_cave_pools, nicolae_uskayaw_murder_on_the_dancefloor,
          mainiacjoe_overflow_paths, grunt_temple_overflow_diamond,
          portal_sewer_entry_f, wad_floor_pattern_1, uniq_menkaure
D:7:      layout_loops_ring, serial_bayou, serial_bayou_lake_a,
          serial_bayou_pond_e, serial_bayou_crossing, serial_bayou_pond_a

Skill      XL: |  1  2  3  4  5  6  7  8 |
---------------+-------------------------+-----
Armour         | 4 5 6 7 |  7.6
Fighting       | 4 5 6 |  6.7
Polearms       | 3 4 6 7 9 |  9.3
Dodging        | 1 2 3 |  3.2
Shields        | 4 5 |  5.9
Stealth        | 1 |  1.6

Action                   |  1- 3 |  4- 6 |  7- 9 || total
-------------------------+-------+-------+-------++-------
Melee: Trident           |    82 |    43 |    86 ||   211
       Headbutt          |     6 |     6 |     8 ||    20
  Use: Potion            |     2 |     2 |     1 ||     5
       Scroll            |     6 |     1 |     7 ||    14
 Stab: Distracted        |       |     1 |     1 ||     2
Armor: Scale mail        |    38 |    18 |    25 ||    81
Dodge: Dodged            |    38 |    12 |    34 ||    84
Block: Buckler           |    13 |     8 |    34 ||    55
